 Dungeon Crawl Stone Soup version 0.27.1-3-gb3d3a73c9e (webtiles) character file.

Game seed: 15879463493241335216

14 Descartes the Magician (level 2, -1/13 HPs)
             Began as a Spriggan Hedge Wizard on Oct 19, 2021.
             Was a Follower of Qazlal.
             Slain by a gnoll (4 damage)
             ... on level 2 of the Dungeon.
             The game lasted 00:02:55 (1719 turns).

Descartes the Magician (Spriggan Hedge Wizard)      Turns: 1719, Time: 00:02:55

Health: -1/13      AC:  2    Str:  6    XL:     2   Next: 31%
Magic:  0/8        EV: 17    Int: 15    God:    Qazlal [*.....]
Gold:   66         SH:  1    Dex: 14    Spells: 8/9 levels left

rFire    . . .     SeeInvis +   a - +0 dagger
rCold    . . .     Faith    .   (shield restricted)
rNeg     . . .     Spirit   .   b - +0 robe
rPois    .         Reflect  .   c - +0 hat
rElec    .         Harm     .   (no cloak)
rCorr    .         Rampage  .   (gloves unavailable)
Will     .....                  (boots unavailable)
Stlth    ++........             (no amulet)
HPRegen  0.04/turn              (no ring)
MPRegen  0.11/turn              (no ring)

@: brilliant, very quick
A: very small, no large weapons, unfitting armour, see invisible, speed 3
a: Renounce Religion


You were on level 2 of the Dungeon.
You worshipped Qazlal.
Qazlal was aware of your devotion.
You visited 1 branch of the dungeon, and saw 2 of its levels.

You collected 66 gold pieces.

Inventory:

Hand Weapons
 a - a +0 dagger (weapon)
Missiles
 g - 81 stones
 h - 14 sling bullets
Armour
 b - a +0 robe (worn)
 c - a +0 hat (worn)
Scrolls
 d - 2 scrolls of identify {unknown}
 f - a scroll of amnesia {unknown}
 i - a scroll of fog {unknown}
Potions
 j - a potion of ambrosia {unknown}
 k - a potion of degeneration {unknown}


   Skills:
 - Level 2.6 Dodging
 - Level 3.0 Stealth
 - Level 4.0 Spellcasting
 + Level 1.0 Conjurations
 + Level 1.0 Hexes
 - Level 0.7 Summonings
 + Level 2.1 Translocations
 + Level 0.8 Poison Magic


You had 8 spell levels left.
You knew the following spells:

 Your Spells              Type           Power      Damage    Failure   Level
a - Magic Dart            Conj           36%        1d4       12%         1

Your spell library contained the following spells:

 Spells                   Type           Power      Damage    Failure   Level
 Blink                    Tloc           N/A        N/A       11%         2
 Slow                     Hex            9%         N/A       17%         2
 Call Imp                 Summ           7%         N/A       21%         2
 Mephitic Cloud           Conj/Pois/Air  7%         N/A       38%         3
 Conjure Flame            Conj/Fire      6%         6-21      41%         3


Dungeon Overview and Level Annotations

Branches:
Dungeon (2/15)

Altars:
Qazlal


Innate Abilities, Weirdness & Mutations

You are very small and have problems with some larger weapons.
You are too small for most types of armour.
You have supernaturally acute eyesight. (SInv)
You cover ground extremely quickly. (Speed+++)


Message History

The gnoll is severely wounded.
Casting: Magic Dart (safe; 12% risk of failure)
Confirm with . or Enter, or press ? or * to list all spells.
You don't have enough magic to cast this spell.
Unknown command.
Casting: Magic Dart (safe; 12% risk of failure)
Confirm with . or Enter, or press ? or * to list all spells.
Aiming: Magic Dart (safe; 12% risk of failure)
Press: ? - help, Shift-Dir - straight line, f/p - gnoll
Aim: a gnoll, wielding a +0 flail (severely wounded, 100% to hit)
You miscast Magic Dart.
You are very lightly contaminated with residual magic.
Nothing appears to happen.
A hobgoblin comes into view.
The hobgoblin shouts!
Your magical contamination has completely faded away.
Casting: Magic Dart (safe; 12% risk of failure)
Confirm with . or Enter, or press ? or * to list all spells.
Aiming: Magic Dart (safe; 12% risk of failure)
Press: ? - help, Shift-Dir - straight line, f/p - gnoll
Aim: a gnoll, wielding a +0 flail (severely wounded, 100% to hit)
The magic dart hits the hobgoblin but does no damage.
Casting: Magic Dart (safe; 12% risk of failure)
Confirm with . or Enter, or press ? or * to list all spells.
Aiming: Magic Dart (safe; 12% risk of failure)
Press: ? - help, Shift-Dir - straight line, f/p - gnoll
Aim: a gnoll, wielding a +0 flail (severely wounded, 100% to hit)
The magic dart hits the hobgoblin.
The hobgoblin is moderately wounded.
Casting: Magic Dart (safe; 12% risk of failure)
Confirm with . or Enter, or press ? or * to list all spells.
You don't have enough magic to cast this spell.
Unknown command.
Okay, then.
It was a potion of brilliance.
You feel clever all of a sudden. The rat bites you.
* * * LOW HITPOINT WARNING * * *
The gnoll hits you from afar with a +0 halberd.
You die...

###
###.........#.####
..#
#.....#.....#....#
#.#
#[#.#.#.#...###.##
..# #.#.#.#.#...# #.#
.## #.#.#...#...###.#
.# #.#.#####...g##.#
.####.#>......##g##.#
......#######.#.r##g#
####### #...#.@.#.#
.....## #.#####.#g#
.##...# #.# #.#.#
.##...#####.# #g#.#
............###.#...#
.......##.......#####
..........#######
.......##.#
#......##.#


You could see 2 gnolls, a hobgoblin and a rat.

Vanquished Creatures
  A ball python (D:1)
  3 endoplasms
  A giant cockroach (D:1)
  3 hobgoblins (D:2)
  A quokka (D:2)
  2 bats
  A rat (D:1)
12 creatures vanquished.

Notes
Turn   | Place    | Note
-------+----------+-------------------------------------------
     0 | D:1      | Descartes the Spriggan Hedge Wizard began the quest for the
                  | Orb.
     0 | D:1      | Reached XP level 1. HP: 9/9 MP: 6/6
    66 | D:1      | Found a faded altar of an unknown god.
    76 | D:1      | Became a worshipper of Qazlal Stormbringer
    76 | D:1      | Reached * piety under Qazlal
  1175 | D:2      | Reached skill level 1 in Conjurations
  1175 | D:2      | Reached XP level 2. HP: 7/13 MP: 0/8
  1543 | D:2      | Reached skill level 1 in Hexes
  1719 | D:2      | Slain by a gnoll

Illustrated notes

Levels and vault maps discovered:
D:1:      tarquinn_simple_flora_water_b, layout_rooms, serial_co_window_serial,
          co_window_paths_b, co_window_paths_a, co_window_of_opportunity_a,
          co_window_paths_a, co_window_corner_a, co_window_of_opportunity_a,
          co_window_paths_b, co_window_broadway_c, co_window_broadway_a,
          co_window_corner_b, co_window_broadway_b, co_window_corner_b,
          co_window_corner_ca, glass_columns_a, glass_columns_a,
          glass_columns_c, glass_columns_c, glass_columns_b,
          hellmonk_ecumenical_altar_pennies_from_heaven
D:2:      layout_basic

Skill      XL: |  1  2 |
---------------+-------+-----
Translocations | 2 |  2.1
Conjurations   | 1 |  1.0
Hexes          | 1 |  1.0
Dodging        | |  2.6
Stealth        | |  3.0
Spellcasting   | |  4.0
Summonings     | |  0.7
Poison Magic   | |  0.8

Action                   || total
-------------------------++-------
Melee: Dagger            ||    25
 Cast: Magic Dart        ||    49
  Use: Potion            ||     1
Armor: Robe              ||     7
Dodge: Dodged            ||    22
Block: Other             ||     1
